 Dungeon Crawl Stone Soup version 0.30-a0-462-gd5975efbca (webtiles) character file.

Game seed: 18200296438643573607

21 cforsyth the Cudgeller (level 2, -7/25 HPs)
             Began as an Armataur Gladiator on Dec 17, 2022.
             Mangled by a hobgoblin
             ... wielding a +0 morningstar
              (12 damage)
             ... on level 2 of the Dungeon.
             The game lasted 00:00:52 (1144 turns).

cforsyth the Cudgeller (Armataur Gladiator)         Turns: 1144, Time: 00:00:53

Health: -7/25      AC:  8    Str: 19    XL:     2   Next: 62%
Magic:  2/2        EV:  5    Int:  8    God:
Gold:   79         SH:  0    Dex: 11    Spells: 1/1 levels left

rFire   . . .      SeeInvis .    a - +0 flail
rCold   . . .      Faith    .    (no shield)
rNeg    . . .      Spirit   .    g - +0 chain mail
rPois   .          Reflect  .    c - +0 helmet
rElec   .          Harm     .    (no cloak)
rCorr   .          Roll     +    (no gloves)
Will    .....                    (no barding)
Stlth   ..........               (no amulet)
HPRegen 0.24/turn                (no ring)
MPRegen 0.08/turn                (no ring)

@: no status effects
A: large, rugged brown scales 3, deformed body, armoured tail, roll, long
tongue, awkward tongue
a: no special abilities


You were on level 2 of the Dungeon.
You visited 1 branch of the dungeon, and saw 2 of its levels.

You collected 79 gold pieces.

Inventory:

Hand Weapons
 a - a +0 flail (weapon)
Missiles
 d - 3 throwing nets (quivered)
 e - a javelin
Armour
 b - a +0 leather armour
 c - a +0 helmet (worn)
 g - a +0 chain mail (worn)
Scrolls
 f - a scroll of vulnerability {unknown}
 h - a scroll of amnesia {unknown}
 j - a scroll of immolation {unknown}
 k - a scroll of noise {unknown}
 l - a scroll of teleportation {unknown}
 n - a scroll of identify {unknown}
 o - a scroll of blinking {unknown}
Potions
 i - a potion of curing {unknown}
 m - a potion of lignification {unknown}


   Skills:
 + Level 2.1 Fighting
 + Level 2.9 Maces & Flails
 + Level 2.1 Throwing
 + Level 2.4 Dodging


You had one spell level left.
You didn't know any spells.
Your spell library contained the following spells:

 Spells                   Type           Power      Damage    Failure   Level
 Slow                     Hex            0%         N/A       99%         1
 Confusing Touch          Hex            0%         N/A       100%        3
 Vampiric Draining        Necr           0%         2d6       100%        3


Dungeon Overview and Level Annotations

Branches:
Dungeon (2/15)

Altars:


Innate Abilities, Weirdness & Mutations

You are completely covered in rugged brown scales. (AC +3, +7% HP)
Armour fits poorly on your strangely shaped body.
You have a long armoured tail.
You roll when moving toward enemies. (Rampage)
Your long tongue fully drains potion bottles. (2x potion effects)
Your tongue gives you trouble enunciating. (1.5x scroll delay)


Message History

Found a stone staircase leading down.
Found 4 stones.
You open the door. You open the door.
There is an open door here.
You see here a +2 hand axe of flaming.
You open the door.
Found a stone staircase leading down.
There is an open door here.
A hobgoblin comes into view. It is wielding a +0 morningstar.
A kobold comes into view. It is wielding a +0 dagger.
The hobgoblin shouts!
The kobold shouts!
You roll towards the hobgoblin!
You barely miss the hobgoblin.
Your tail-slap misses the hobgoblin.
The hobgoblin hits you with a +0 morningstar!
The hobgoblin barely misses you.
You are too injured to fight recklessly!
You are too injured to fight recklessly!
You are too injured to fight recklessly!
You are too injured to fight recklessly!
You are too injured to fight recklessly!
You are too injured to fight recklessly!
You are too injured to fight recklessly!
You are too injured to fight recklessly!
You are too injured to fight recklessly!
You closely miss the hobgoblin.
You tail-slap the hobgoblin, but do no damage.
The hobgoblin hits you with a +0 morningstar!
* * * LOW HITPOINT WARNING * * *
The kobold hits you with a +0 dagger.
* * * LOW HITPOINT WARNING * * *
The kobold attacks as you move away! The kobold hits you with a +0 dagger.
* * * LOW HITPOINT WARNING * * *
The hobgoblin barely misses you. The hobgoblin attacks as you move away!
The hobgoblin barely misses you. The kobold attacks as you move away!
The kobold hits you but does no damage. The hobgoblin attacks as you move away!
The hobgoblin barely misses you.
You closely miss the hobgoblin.
The hobgoblin hits you with a +0 morningstar!
You die...

.........# #.
.........########## #.
..................#####.
................>.'.....
#.................######
...##'#K...........# #
#.#.##.......#
#g#.....####.# #@####..#
### #.# #..# #.# #..#
#.# #..# #.# #..# #.#
#..# #.. ...# ###


You could see a hobgoblin and a kobold.

Vanquished Creatures
  5 goblins (D:1)
  A hobgoblin (D:1)
  A quokka (D:1)
  2 ball pythons (D:1)
  A bat (D:1)
  2 frilled lizards (D:1)
  6 kobolds
  2 rats (D:1)
20 creatures vanquished.

Notes
Turn   | Place    | Note
-------+----------+-------------------------------------------
     0 | D:1      | cforsyth the Armataur Gladiator began the quest for the
                  | Orb.
     0 | D:1      | Reached XP level 1. HP: 18/18 MP: 1/1
   137 | D:1      | Reached XP level 2. HP: 23/25 MP: 2/2
  1144 | D:2      | Mangled by a hobgoblin

Illustrated notes

Levels and vault maps discovered:
D:1:      dpeg_arrival_water_temple_mockup, layout_basic, dk_noncrumbling_3,
          bh_walls_and_bars
D:2:      layout_basic, basic_ecumenical_altar

Skill      XL: |  1 |
---------------+----+-----
Fighting       | 2 |  2.1
Throwing       | 2 |  2.1
Maces & Flails | |  2.9
Dodging        | |  2.4

Action                   || total
-------------------------++-------
Melee: Flail             ||    47
       Tailslap          ||     5
       Punch             ||     1
Armor: Chain mail        ||    27
Dodge: Dodged            ||    17

Table legend: (Time is in decaauts)
 A = Elapsed time spent in this place.
 B = Non-inter-level travel time spent in this place.
 C = Inter-level travel time spent in this place.
 D = Time resting spent in this place.
 E = Time spent auto-exploring this place.
 F = Levels seen in this place.
 G = Mean time per level.
                   A        B        C        D        E       F      G
               +--------+--------+--------+--------+--------+-----+--------+
         Total |   1156 |   1121 |     35 |      0 |    974 |   2 |  578.0 |
       Dungeon |   1156 |   1121 |     35 |      0 |    974 |   2 |  578.0 |
               +--------+--------+--------+--------+--------+-----+--------+

Top non-repeatable levels by time:
     D:1: 844 daAuts
     D:2: 312 daAuts
